 Dungeon Crawl Stone Soup version 0.19.5 (webtiles) character file.

18610 Peloso the Carver (level 12, -9/106 HPs)
             Began as a Minotaur Fighter on Apr 15, 2017.
             Was the Champion of Okawaru.
             Mangled by a komodo dragon (20 damage)
             ... on level 2 of the Lair of Beasts.
             The game lasted 00:43:20 (14752 turns).

Peloso the Carver (Minotaur Fighter)               Turns: 14752, Time: 00:43:21

Health: -9/106     AC: 15    Str: 24    XL:     12   Next: 29%
Magic:  12/12      EV: 10    Int:  5    God:    Okawaru [******]
Gold:   737        SH: 13    Dex: 12    Spells: 0 memorised, 11 levels left

rFire  + + .     SeeInvis .     U - +1 falchion (slice)
rCold  . . .     Gourm    .     X - +2 chain mail {rF+}
rNeg   . . .     Faith    .     S - +0 shield {rF+}
rPois  +         Spirit   .     s - +0 hat {MR+}
rElec  .         Reflect  .     (no cloak)
rCorr  .         Harm     .     h - +0 pair of gloves
MR     +....     Rnd*Tele +     (no boots)
Stlth  ..........               x - amulet of magic regeneration
                                R - ring of poison resistance
                                E - ring of teleportation (curse)

@: no status effects
A: retaliatory headbutt, horns 2
a: Heroism, Finesse, Renounce Religion


You were on level 2 of the Lair of Beasts.
You worshipped Okawaru.
Okawaru was exalted by your worship.
You were not hungry.

You visited 3 branches of the dungeon, and saw 16 of its levels.
You also visited: Labyrinth.

You collected 845 gold pieces.
You spent 108 gold pieces at shops.

Inventory:

Hand Weapons
 a - a +0 long sword
 n - a +2 rapier of speed
 U - a +1 falchion of slicing (weapon)
Armour
 h - a +0 pair of gloves (worn)
 s - a +0 hat of magic resistance (worn)
 S - a +0 shield of fire resistance (worn)
 X - a +2 chain mail of fire resistance (worn)
Jewellery
 k - an uncursed ring of see invisible
 x - an amulet of magic regeneration (around neck)
 E - a cursed ring of teleportation (left hand)
 R - a ring of poison resistance (right hand)
Wands
 c - a wand of disintegration (7/24)
 l - a wand of digging (11/24)
 P - a wand of lightning (2/15)
Scrolls
 e - 3 scrolls of magic mapping
 i - a scroll of enchant weapon {unknown}
 j - a scroll of amnesia
 m - 2 scrolls of vulnerability {unknown}
 r - a scroll of identify
 u - 7 scrolls of remove curse
 w - 2 scrolls of blinking
 y - 2 scrolls of teleportation
 F - 2 scrolls of noise {unknown}
 M - 2 scrolls of immolation {unknown}
 O - 2 scrolls of fear {unknown}
Potions
 b - 7 potions of curing
 o - a potion of agility {unknown}
 q - 2 potions of resistance
 t - a potion of cure mutation {unknown}
 v - a potion of haste
 z - 2 potions of flight
 A - 2 potions of heal wounds
 J - a potion of invisibility
Comestibles
 d - 3 chunks of flesh
 f - 8 bread rations
 g - 6 meat rations
 I - 3 slices of pizza
 K - 11 royal jellies
 L - 3 beef jerkies
 Z - 8 fruits


   Skills:
 + Level 10.0 Fighting
 + Level 13.6 Long Blades
 + Level 11.7 Armour
 + Level 5.0 Dodging
 + Level 1.1 Stealth
 + Level 12.5 Shields
 + Level 1.7 Invocations


You had 11 spell levels left.
You didn't know any spells.

Dungeon Overview and Level Annotations

Branches:
Dungeon (12/15)            Temple (1/1) D:4            Lair (3/6) D:11
 Shoals (0/4) Lair:2
  Snake: Lair:2-4    Spider: Lair:2-4       Orc: D:9-12

Altars:
Ashenzari
Cheibriados
Dithmenos
Elyvilon
Fedhas
Gozag
Hepliaklqana
Kikubaaqudgha
Makhleb
Nemelex Xobeh
Okawaru
Qazlal
Ru
Trog
Uskayaw
Vehumet
Xom
Yredelemnul
Zin
The Shining One

Shops:
D:4 !   D:9 !   D:10 *


Innate Abilities, Weirdness & Mutations

You reflexively headbutt those who attack you in melee.
You have a pair of horns on your head.


Message History

The komodo dragon is lightly wounded.
You hit the komodo dragon but do no damage.
Your headbutt misses the komodo dragon.
The komodo dragon is lightly wounded.
You block the komodo dragon's attack.
You hit the komodo dragon.
The komodo dragon is lightly wounded.
The komodo dragon bites you!!
* * * LOW HITPOINT WARNING * * *
You slash the komodo dragon!
The komodo dragon is heavily wounded.
You feel like a meek peon again.
You slash the komodo dragon!
The komodo dragon is severely wounded.
The komodo dragon bites you!!
* * * LOW HITPOINT WARNING * * *
You hit the komodo dragon but do no damage.
The komodo dragon is severely wounded.
The komodo dragon bites you!!
You die...

....#......#....##....###....##..
....##.....##..........#....###..
....##.....###P#.#.....##.####...
#..###.......####....<###.#####..
##.P#P.................##+P##.#..
.................................
.................................
.##......######.#................
.###.....# ##@##P.............
..##.....######l####.............
..#.......##...F.###......#####..
..#......###.......+..#P..#.##...
..........##.....##...##......##.
..........##..P..###...........#.
........>........###...#......##.
..##...............#..##......##.
...#..................#####.####.


You could see a komodo dragon and a spiny frog.

Vanquished Creatures
  A minotaur (Lab)
  2 hydras
  3 hill giants
  2 black mambas
  A siren (Lair:2)
  3 spiny frogs
  A centaur skeleton (D:10)
  2 komodo dragons
  2 trolls (D:10)
  A two-headed ogre (D:8)
  A hornet (D:10)
  A hippogriff (D:8)
  A wraith (D:10)
  A basilisk (Lair:2)
  36 yaks
  A steam dragon (D:11)
  A mottled dragon (D:11)
  3 water moccasins
  2 soldier ants (D:10)
  A porcupine (Lair:1)
  2 hell hounds (D:11)
  3 ice beasts
  3 sky beasts
  3 orc warriors
  2 black bears (D:7)
  2 phantoms
  4 ogres
  6 wolves (Lair:1)
  2 necrophages
  A centaur (D:5)
  3 crocodiles (Lair:1)
  A big kobold (D:9)
  7 bullfrogs
  A gnoll sergeant (D:8)
  4 scorpions
  8 killer bees
  3 crimson imps
  2 centaur zombies
  5 jellies
  A quasit (D:10)
  7 orc priests
  4 hounds
  4 orc wizards
  2 bullfrog skeletons (D:11)
  3 iguanas
  5 worker ants
  A hound zombie (D:9)
  A hound skeleton (D:10)
  13 gnolls
  6 adders
  An adder zombie (D:7)
  6 worms
  A dart slug (D:1)
  5 leopard geckos
  31 orcs
  6 bats
  8 giant cockroaches
  10 goblins
  9 hobgoblins
  10 jackals
  6 quokkas
  A ball python (D:4)
  7 frilled lizards
  13 kobolds
  A leopard gecko skeleton (D:4)
  9 rats
299 creatures vanquished.

Vanquished Creatures (others)
  A fungus (Lair:1)
1 creature vanquished.

Grand Total: 300 creatures vanquished

Notes
Turn   | Place    | Note
-------+----------+-------------------------------------------
     0 | D:1      | Peloso the Minotaur Fighter began the quest for the Orb.
     0 | D:1      | Reached XP level 1. HP: 19/19 MP: 0/0
    76 | D:1      | Reached XP level 2. HP: 21/27 MP: 1/1
   274 | D:1      | Reached XP level 3. HP: 28/33 MP: 2/2
   400 | D:2      | Reached skill level 3 in Long Blades
   727 | D:2      | Reached XP level 4. HP: 40/40 MP: 3/3
  1454 | D:3      | Reached skill level 4 in Long Blades
  1454 | D:3      | Reached XP level 5. HP: 39/47 MP: 4/4
  1610 | D:3      | Reached skill level 1 in Dodging
  1890 | D:4      | Found a staircase to the Ecumenical Temple.
  1928 | Temple   | Entered the Ecumenical Temple
  2011 | Temple   | Became a worshipper of Warmaster Okawaru
  2511 | D:4      | Found Weip's Distillery.
  2615 | D:4      | Bought a potion of degeneration for 12 gold pieces
  2615 | D:4      | Bought a potion of curing for 36 gold pieces
  2615 | D:4      | Bought a potion of heal wounds for 60 gold pieces
  2668 | D:5      | Entered Level 5 of the Dungeon
  2743 | D:5      | Noticed a centaur
  2751 | D:5      | Killed a centaur
  2751 | D:5      | Reached skill level 5 in Armour
  2751 | D:5      | Reached skill level 5 in Shields
  2751 | D:5      | Reached XP level 6. HP: 25/55 MP: 5/5
  2955 | D:5      | Reached skill level 5 in Fighting
  3099 | D:5      | Found a blossoming altar of Fedhas.
  3166 | D:5      | Reached skill level 5 in Long Blades
  3705 | D:6      | Reached * piety under Okawaru
  3705 | D:6      | Reached XP level 7. HP: 54/61 MP: 6/6
  4189 | D:6      | Reached skill level 6 in Long Blades
  4584 | D:7      | Reached skill level 7 in Long Blades
  4675 | D:7      | Reached ** piety under Okawaru
  4675 | D:7      | Reached XP level 8. HP: 61/68 MP: 7/7
  5276 | D:8      | Noticed a two-headed ogre
  5283 | D:8      | Killed a two-headed ogre
  5283 | D:8      | Reached skill level 8 in Long Blades
  5698 | D:7      | Reached *** piety under Okawaru
  5698 | D:7      | Reached XP level 9. HP: 58/75 MP: 8/8
  5702 | D:7      | Reached skill level 9 in Long Blades
  6213 | D:8      | Reached **** piety under Okawaru
  6589 | D:9      | Reached skill level 1 in Stealth
  6608 | D:9      | Reached skill level 10 in Long Blades
  6771 | D:9      | Found Tuuppu's Distillery.
  6969 | D:9      | Found a shimmering altar of Xom.
  6970 | D:9      | Found an opulent altar of Gozag.
  6991 | D:9      | Found a basalt altar of Yredelemnul.
  6992 | D:9      | Found a white marble altar of Elyvilon.
  6997 | D:9      | Found a stormy altar of Qazlal.
  7556 | D:9      | Reached XP level 10. HP: 72/84 MP: 9/9
  7579 | D:10     | Entered Level 10 of the Dungeon
  7768 | D:10     | Reached skill level 11 in Long Blades
  7781 | D:10     | Reached ***** piety under Okawaru
  8075 | D:10     | Reached skill level 10 in Shields
  8418 | D:10     | Found Errukhli's General Store.
  9088 | D:11     | Noticed a hill giant
  9088 | D:11     | Noticed a six-headed hydra
  9139 | D:11     | Found a staircase to the Lair.
  9199 | D:11     | Noticed a hill giant
  9218 | D:10     | Reached skill level 12 in Long Blades
  9221 | D:10     | Killed a hill giant
  9221 | D:10     | Reached XP level 11. HP: 68/94 MP: 10/10
  9222 | D:10     | Killed a hill giant
  9388 | D:11     | Reached skill level 10 in Armour
  9480 | D:12     | Noticed a hill giant
  9480 | D:12     | Noticed a skeletal warrior
  9480 | D:12     | Noticed a skeletal warrior
  9492 | D:11     | Killed a hill giant
  9638 | D:11     | Found an opulent altar of Gozag.
  9753 | D:11     | Reached ****** piety under Okawaru
  9779 | D:11     | Received a gift from Okawaru
 10254 | Lair:1   | Entered Level 1 of the Lair of Beasts
 10328 | Lair:1   | Reached skill level 1 in Invocations
 10336 | Lair:1   | Found a labyrinth entrance.
 10345 | Lab      | Entered a labyrinth
 11704 | Lab      | Noticed a minotaur
 11713 | Lab      | Killed a minotaur
 11717 | Lab      | Got a dazzling whip
 11721 | Lab      | Identified the +2 whip "Poamoak" {slash, Int+4 Dex+2} (You found it in a labyrinth)
 11876 | Lair:1   | Reached skill level 13 in Long Blades
 12425 | Lair:1   | Noticed a four-headed hydra
 12434 | Lair:1   | Killed a nine-headed hydra
 13091 | Lair:2   | Reached XP level 12. HP: 35/106 MP: 12/12
 13471 | Lair:2   | Noticed a seven-headed hydra
 13799 | Lair:2   | HP: 7/159 [12-headed hydra (7)]
 13799 | Lair:2   | HP: 1/159 [12-headed hydra (6)]
 13800 | Lair:2   | Killed a 13-headed hydra
 14340 | Lair:2   | Found a staircase to the Shoals.
 14523 | Lair:2   | Reached skill level 5 in Dodging
 14592 | Lair:2   | Reached skill level 10 in Fighting
 14724 | Lair:3   | Noticed a five-headed hydra
 14752 | Lair:2   | Mangled by a komodo dragon

Skill      XL: |  1  2  3  4  5  6  7  8  9 10 11 12 |
---------------+-------------------------------------+-----
Shields        | 4 5 6 7 8 10 12 | 12.5
Fighting       | 4 5 6 8 9 10 | 10.0
Armour         | 4 5 6 7 8 9 11 | 11.7
Long Blades    | 3 4 5 7 8 10 12 13 | 13.6
Dodging        | 1 2 4 5 |  5.0
Stealth        | 1 |  1.1
Invocations    | 1 |  1.7

Action                   |  1- 3 |  4- 6 |  7- 9 | 10-12 || total
-------------------------+-------+-------+-------+-------++-------
Melee: Long sword        |    93 |   198 |   361 |   406 ||  1058
       Headbutt          |    14 |    36 |    81 |   186 ||   317
       Falchion          |       |       |       |   286 ||   286
Invok: Heroism           |       |       |     2 |    15 ||    17
  Use: Scroll            |       |       |     7 |     7 ||    14
       Potion            |       |       |       |     6 ||     6
  Eat: Chunk             |       |     7 |     8 |    18 ||    33
       Royal jelly       |       |     1 |       |       ||     1
       Meat ration       |       |       |     1 |       ||     1
       Fruit             |       |       |       |     5 ||     5
       Beef jerky        |       |       |       |     1 ||     1
Armor: Scale mail        |    69 |    61 |    83 |       ||   213
       Chain mail        |       |       |    24 |    39 ||    63
       Plate armour      |       |       |       |   187 ||   187
Dodge: Dodged            |    44 |    56 |    97 |   182 ||   379
Block: Shield            |    66 |    96 |   202 |   438 ||   802
       Rpst.: Long sword |    17 |    13 |    29 |    26 ||    85
       Falchion          |       |       |       |    24 ||    24
